 Dungeon Crawl Stone Soup version 0.30-a0-166-g5d06c95188 (webtiles) character file.

Game seed: 6691980758710028481

40 qw the Chopper (level 3, -3/23 HPs)
             Began as a Gargoyle Fighter on Sept 28, 2022.
             Slain by an orc
             ... wielding a +0 mace
              (5 damage)
             ... on level 2 of the Dungeon.
             The game lasted 00:00:35 (1692 turns).

qw the Chopper (Gargoyle Fighter)                   Turns: 1692, Time: 00:00:35

Health: -3/23      AC: 12    Str: 21    XL:     3   Next: 50%
Magic:  3/3        EV:  4    Int:  8    God:
Gold:   70         SH:  0    Dex:  9    Spells: 2/2 levels left

rFire   . . .      SeeInvis .    Y - +0 war axe
rCold   . . .      Faith    .    c - +0 buckler
rNeg    + . .      Spirit   .    j - +0 chain mail
rPois   inf        Reflect  .    (no helmet)
rElec   +          Harm     .    (no cloak)
rCorr   .          Rampage  .    (no gloves)
Will    .....                    (no boots)
Stlth   ..........               (no amulet)
HPRegen 0.07/turn                (no ring)
MPRegen 0.08/turn                (no ring)

@: confused, constricted
A: sickness immunity, AC +3, negative energy resistance 1, electricity
resistance, torment resistance 1, petrification resistance
a: no special abilities


You were on level 2 of the Dungeon.
You visited 1 branch of the dungeon, and saw 2 of its levels.

You collected 70 gold pieces.


Innate Abilities, Weirdness & Mutations

You are immune to sickness and miasma.
Your stone body is resilient. (AC +3)
You are immune to poison.
You resist negative energy. (rN+)
You are resistant to electric shocks. (rElec)
You are resistant to unholy torment.
You are immune to petrification.


   Skills:
 - Level 3.2 Fighting
 + Level 3.3 Axes
 - Level 0.4 Throwing
 - Level 3.2 Armour
 - Level 3.2 Shields


You had 2 spell levels left.
You didn't know any spells.
Your spell library was empty.

Inventory:

Hand Weapons
 f - a +0 whip
 Y - a +0 war axe (weapon)
Armour
 c - a +0 buckler (worn)
 j - a +0 chain mail (worn)
Potions
 d - 2 potions of might
 h - a potion of invisibility {unknown}

Dungeon Overview and Level Annotations

Branches:
Dungeon (2/15)

Altars:


Message History

A jackal comes into view.
An orc comes into view. It is wielding a +0 dagger.
The orc wizard completely misses you. The orc hits you but does no damage.
You block the ball python's attack. The ball python constricts you.
You barely miss the ball python.
The ball python is heavily wounded.
You hit the orc wizard but do no damage.
You barely miss the orc. You slash the orc wizard!
A jackal comes into view. x2
The orc wizard hits you but does no damage.
The orc wizard hits you with a +0 dagger.
The ball python bites you but does no damage.
The ball python constricts you. The orc hits you with a +0 mace.
You barely miss the ball python.
The ball python is heavily wounded.
You closely miss the orc wizard.
The jackal barks! x2
You hit the orc wizard but do no damage.
You barely miss the orc.
The ball python bites you but does no damage.
The ball python constricts you. The orc wizard barely misses you.
The orc wizard casts a spell at you.
You are confused.
The orc hits you but does no damage.
The ball python bites you but does no damage.
The ball python constricts you.
The orc wizard hits you but does no damage.
The orc wizard hits you with a +0 dagger.
The orc hits you with a +0 mace.
An endoplasm comes into view.
You escape the ball python's grasp.
The orc wizard attacks as you move away!
The orc wizard hits you but does no damage.
The orc attacks as you move away! The orc closely misses you.
The ball python bites you but does no damage.
The ball python barely misses you.
You bump into the rock wall.
The ball python closely misses you. The ball python grabs you.
The ball python constricts you. The orc hits you with a +0 mace.
You die...

#########
........###
#.###.o@##
#....<#oS#
....#...hoooh.#
#.
#.#.........#
#.#####h#####
#. ... # #J##
.. ..#


You could see 2 orc wizards, 3 orcs, an endoplasm, 3 jackals and a ball python.

Vanquished Creatures
  4 endoplasms (D:1)
  A giant cockroach (D:1)
  4 goblins (D:1)
  5 hobgoblins (D:1)
  4 jackals (D:1)
  A quokka (D:1)
  5 ball pythons (D:1)
  5 bats
  4 frilled lizards (D:1)
  2 kobolds (D:1)
35 creatures vanquished.

Vanquished Creatures (others)
  2 plants (D:1)
2 creatures vanquished.

Grand Total: 37 creatures vanquished

Notes
Turn   | Place    | Note
-------+----------+-------------------------------------------
     0 | D:1      | qw the Gargoyle Fighter began the quest for the Orb.
     0 | D:1      | Reached XP level 1. HP: 14/14 MP: 1/1
     0 | D:1      | 0 ||| qw: Version: 0.2-a-12-gaebbb33
     0 | D:1      | 0 ||| qw: Game counter: 1002
     0 | D:1      | 0 ||| qw: Always use a shield: true
     0 | D:1      | 0 ||| qw: God list: Okawaru
     0 | D:1      | 0 ||| qw: Allow faded altars: false
     0 | D:1      | 0 ||| qw: Do Orc after D:15 true
     0 | D:1      | 0 ||| qw: Do second Lair branch before Depths: true
     0 | D:1      | 0 ||| qw: Lair rune preference: random
     0 | D:1      | 0 ||| qw: Plans: Normal, Zot:1-4, God:TSO, Crypt, Tomb,
                  | Pan, Slime:5, Hells, Abyss, Orb
     0 | D:1      | 0 ||| PLANNING D:1-11
   115 | D:1      | 115 ||| Stepping ~*~*~tactically~*~*~ (stealth).
   364 | D:1      | 364 ||| READING 3 scrolls labelled VIRUNE YRUZ.
   365 | D:1      | 365 ||| DROPPING 2 scrolls of poison.
   366 | D:1      | 366 ||| Stepping randomly (stuck).
   369 | D:1      | 369 ||| Stepping randomly (stuck).
   370 | D:1      | 370 ||| Stepping randomly (stuck).
   377 | D:1      | Reached XP level 2. HP: 19/19 MP: 2/2
   510 | D:1      | 510 ||| Stepping ~*~*~tactically~*~*~ (stealth).
   545 | D:1      | 545 ||| Stepping ~*~*~tactically~*~*~ (stealth).
   549 | D:1      | 549 ||| Stepping ~*~*~tactically~*~*~ (stealth).
   559 | D:1      | 559 ||| Stepping ~*~*~tactically~*~*~ (stealth).
   570 | D:1      | Reached skill level 3 in Axes
   576 | D:1      | 576 ||| Stepping ~*~*~tactically~*~*~ (stealth).
   577 | D:1      | 577 ||| Stepping ~*~*~tactically~*~*~ (stealth).
   594 | D:1      | Found a faded altar of an unknown god.
   602 | D:1      | 602 ||| DROPPING +0 club.
   675 | D:1      | 675 ||| READING scroll labelled IGAYNT TIRU.
   676 | D:1      | 676 ||| Stepping randomly (stuck).
   677 | D:1      | 677 ||| Stepping randomly (stuck).
   678 | D:1      | 678 ||| Stepping randomly (stuck).
   685 | D:1      | Reached XP level 3. HP: 23/23 MP: 3/3
  1130 | D:1      | 1130 ||| UPGRADING to +0 chain mail.
  1140 | D:1      | 1140 ||| DROPPING +0 scale mail.
  1141 | D:1      | 1141 ||| DROPPING amulet of magic regeneration.
  1142 | D:1      | 1142 ||| READING scroll labelled BYEQI YDOATS.
  1143 | D:1      | 1143 ||| READING scroll labelled PIRAVO FETAST.
  1617 | D:1      | 1617 ||| READING scroll labelled QYUNUMM MEJUN.
  1676 | D:2      | 1676 ||| Stepping ~*~*~tactically~*~*~ (hiding).
  1677 | D:2      | 1677 ||| Stepping ~*~*~tactically~*~*~ (hiding).
  1690 | D:2      | HP: 2/23 [orc/+0 mace (4)]
  1692 | D:2      | Slain by an orc

Levels and vault maps discovered:
D:1:      saegor_arrival_simple_b, layout_basic,
          hellmonk_ecumenical_altar_arch_garden, grunt_decor_cap,
          nicolae_eternal_life, hangedman_glass_teeth, corner_web_ring,
          minmay_misc_feat_alley, chequers_big_river
D:2:      layout_basic, serial_shops, shop_fountains, minmay_pentomino_z4

Skill      XL: |  1  2 |
---------------+-------+-----
Axes           | 2 3 |  3.3
Fighting       | |  3.2
Throwing       | |  0.4
Armour         | |  3.2
Shields        | |  3.2

Action                   || total
-------------------------++-------
Melee: War axe           ||    97
Throw: Javelin           ||     7
  Use: Scroll            ||     5
Armor: Scale mail        ||    57
       Chain mail        ||    25
Dodge: Dodged            ||    47
Block: Buckler           ||    24

Table legend:
 A = Non-vault XP
 B = Vault XP
 C = Vault XP percentage of total XP
 D = Non-vault monster count
 E = Vault monster count
 F = Vault count percentage of total count
                 A         B        C        D         E       F
            +---------+---------+-------+---------+---------+-------
      Total |      58 |       0 |   0.0 |      35 |       0 |   0.0
            +---------+---------+-------+---------+---------+-------
        D:1 |      56 |       0 |   0.0 |      34 |       0 |   0.0
        D:2 |       2 |       0 |   0.0 |       1 |       0 |   0.0
            +---------+---------+-------+---------+---------+-------
